 Dungeon Crawl Stone Soup version 0.26.0-45-g9c1d065592 (webtiles) character file.

Game seed: 13992701268598732160

(classic levelgen) 3177 thiole the Blocker (level 9, -1/63 HPs)
             Began as an Octopode Hedge Wizard on Feb 1, 2021.
             Was an Initiate of Gozag.
             Slain by Joseph
             ... wielding a cursed -3 hunting sling
              (5 damage)
             ... on level 7 of the Dungeon.
             The game lasted 00:31:32 (10946 turns).

thiole the Blocker (Octopode Hedge Wizard)         Turns: 10946, Time: 00:31:33

Health: -1/63      AC:  1    Str:  7    XL:     9   Next: 95%
Magic:  14/19      EV: 13    Int: 19    God:    Gozag
Gold:   366        SH:  9    Dex: 10    Spells: 16/22 levels left

rFire    + + +     SeeInvis .   x - +2 dagger (elec)
rCold    x . .     Faith    .   s - +0 kite shield
rNeg     . . .     Spirit   .   b - +0 hat
rPois    +         Reflect  .   (no amulet)
rElec    .         Harm     .   c - ring of poison resistance
rCorr    .         Rampage  .   g - ring of wizardry
Will     .....     Rnd*Rage +   o - ring of stealth
Stlth    ++++......             q - ring of protection from fire
HPRegen  0.20/turn              t - ring of fire
MPRegen  0.16/turn              f - ring of protection from fire
                                (no ring)
                                (no ring)

@: no status effects
A: almost no armour, stealthy swim, amphibious, 8 rings, constrict 8, camouflage
1, berserk 1, clumsy 1, robust 1, weak 1, gelatinous body 1
a: Renounce Religion, Potion Petition, Call Merchant, Bribe Branch


You were on level 7 of the Dungeon.
You worshipped Gozag.
Gozag was aware of your devotion.
You visited 2 branches of the dungeon, and saw 8 of its levels.

You collected 1008 gold pieces.
You paid 642 gold pieces to Gozag.

Inventory:

Hand Weapons
 a - a +0 dagger
 x - a +2 dagger of electrocution (weapon)
Armour
 b - a +0 hat (worn)
 s - a +0 kite shield (worn)
Magical Staves
 r - an uncursed staff of cold
Jewellery
 c - a ring of poison resistance (left tentacle)
 f - a ring of protection from fire (on tentacle)
 g - a ring of wizardry (right tentacle)
 o - a ring of stealth (on tentacle)
 q - a ring of protection from fire (on tentacle)
 t - a ring of fire (on tentacle)
Wands
 i - a wand of polymorph (9)
 n - a wand of paralysis (3)
Scrolls
 d - 5 scrolls of remove curse
 h - a scroll of vulnerability
 k - 2 scrolls of amnesia
 l - a scroll of teleportation {unknown}
 p - 2 scrolls of fog
 u - 2 scrolls of blinking
 A - 2 scrolls of magic mapping
Potions
 e - a potion of ambrosia
 j - a potion of curing
 m - a potion of lignification {unknown}
 w - a potion of cancellation


   Skills:
 - Level 4.0 Fighting
 - Level 4.0 Dodging
 - Level 2.6 Stealth
 + Level 8.7 Shields
 - Level 7.0 Spellcasting
 - Level 3.0 Conjurations
 - Level 2.0 Summonings
 - Level 1.0 Translocations
 + Level 3.6 Air Magic
 - Level 2.0 Poison Magic


You had 16 spell levels left.
You knew the following spells:

 Your Spells              Type           Power        Failure   Level
a - Magic Dart            Conj           72%          2%          1
b - Call Imp              Summ           14%          6%          2
c - Mephitic Cloud        Conj/Pois/Air  17%          9%          3

Your spell library contained the following spells:

 Spells                   Type           Power        Failure   Level
 Shock                    Conj/Air       76%          2%          1
 Swiftness                Air            20%          3%          2
 Static Discharge         Conj/Air       19%          7%          3
 Blink                    Tloc           N/A          9%          2
 Slow                     Hex            6%           13%         2
 Conjure Flame            Conj/Fire      18%          14%         3
 Airstrike                Air            10%          21%         4
 Lightning Bolt           Conj/Air       9%           52%         5


Dungeon Overview and Level Annotations

Branches:
Dungeon (7/15)             Temple (1/1) D:4

Altars:
Ashenzari
Dithmenos
Elyvilon
Fedhas
Gozag
Hepliaklqana
Kikubaaqudgha
Makhleb
Nemelex Xobeh
Qazlal
Ru
Sif Muna
Uskayaw
Vehumet
Wu Jian
Xom
Yredelemnul
Zin
The Shining One

Annotations:
D:7 Joseph


Innate Abilities, Weirdness & Mutations

You cannot wear most types of armour.
You are very stealthy in the water. (Stealth+)
You are amphibious.
You can wear up to eight rings at the same time.
You can use your tentacles to constrict eight enemies at once.
Your skin changes colour to match your surroundings (Stealth+).
Your rubbery body absorbs attacks. (AC +1, EV +1)
You tend to lose your temper in combat.
You are clumsy. (Dex -2)
You are robust. (+10% HP)
You are weak. (Str -2)


Message History

You constrict Joseph.
Joseph hits you with a cursed -3 hunting sling! x2
* * * LOW HITPOINT WARNING * * *
You hit Joseph but do no damage. Lightning courses through Joseph!
Joseph is severely wounded.
You constrict Joseph. You block Joseph's attack.
You hit Joseph but do no damage. You squeeze Joseph, but do no damage.
Joseph is severely wounded.
You constrict Joseph.
Joseph hits you with a cursed -3 hunting sling!
* * * LOW HITPOINT WARNING * * *
Your shield prevents you from hitting Joseph.
You squeeze Joseph!
Joseph is almost dead.
You constrict Joseph.
Joseph hits you with a cursed -3 hunting sling.
* * * LOW HITPOINT WARNING * * *
Joseph hits you with a cursed -3 hunting sling.
You die...
Your body crumbles into a pile of gold.

.#........ .................'..'.
.###############.#.#####....#.##.
.................#..# #.####.##.
.####............#..####.# #.##.
.#.......##....#+#........ ..##.
.#.......##....(.....###.# #####
.#.......##.........(###.#
.#.......##....@......##.#
.#.......##....#@####.#
.#.......##....#(#
.#.......##....#.#
##.......##....#$#
...........####... . #####.####.#
#.... .. ....#.#..# #..... ..
###.#.#..# #...... .. #.#.#..#
.......# ..


You could see Joseph (fast).

Vanquished Creatures
  Pikel (D:6)
  A troll (D:6)
  A hornet (D:7)
  A steam dragon (D:6)
  A sky beast (D:4)
  An orc warrior (D:5)
  2 ogres (D:6)
  2 centaurs (D:5)
  A lemure (D:6)
  4 bullfrogs
  A gnoll sergeant (D:6)
  3 scorpions
  3 wights (D:7)
  A centaur zombie (D:5)
  3 hounds
  A jelly (D:5)
  A bullfrog skeleton (D:7)
  A centaur skeleton (D:5)
  2 iguanas
  5 orc wizards
  Terence (D:3)
  A worker ant (D:5)
  A hound skeleton (D:5)
  A worker ant zombie (D:6)
  2 gnolls (D:6)
  8 adders
  2 white imps
  2 ufetubi
  An ooze (D:2)
  An adder zombie (D:5)
  3 dart slugs
  A worm (D:2)
  4 leopard geckos
  22 orcs
  5 bats
  A giant cockroach (D:6)
  8 goblins
  11 hobgoblins
  5 jackals
  6 kobolds
  6 frilled lizards
  A giant cockroach zombie (D:6)
  A leopard gecko zombie (D:5)
  A quokka skeleton (D:6)
  A quokka zombie (D:5)
  5 rats
137 creatures vanquished.

Vanquished Creatures (collateral kills)
  Prince Ribbit (D:5)
  A steam dragon (D:6)
  A water moccasin (D:5)
  An ice beast (D:6)
  A bullfrog (D:6)
  A wight (D:7)
  A jelly (D:6)
  A hound (D:4)
  An orc wizard (D:5)
  An orc priest (D:5)
  An iguana (D:6)
  3 worker ants
  2 gnolls (D:6)
  A leopard gecko (D:5)
  8 orcs
  A giant cockroach (D:4)
  A leopard gecko skeleton (D:5)
27 creatures vanquished.

Vanquished Creatures (others)
  A worm (D:4)
  15 fungi (D:7)
16 creatures vanquished.

Grand Total: 180 creatures vanquished

Notes
Turn   | Place    | Note
-------+----------+-------------------------------------------
     0 | D:1      | thiole the Octopode Hedge Wizard began the quest for the
                  | Orb.
     0 | D:1      | Reached XP level 1. HP: 11/11 MP: 4/4
   233 | D:1      | Reached XP level 2. HP: 17/17 MP: 4/6
   586 | D:1      | Found a sparkling altar of Nemelex Xobeh.
   872 | D:1      | Reached XP level 3. HP: 12/21 MP: 1/7
  1877 | D:2      | Found a white marble altar of Elyvilon.
  1973 | D:2      | Reached XP level 4. HP: 27/27 MP: 4/8
  2349 | D:2      | Found a faded altar of an unknown god.
  2720 | D:3      | Noticed Terence
  2736 | D:3      | Gained mutation: You tend to lose your temper in combat.
                  | [potion of mutation]
  2736 | D:3      | Gained mutation: You are weak. (Str -2) [potion of
                  | mutation]
  2736 | D:3      | Gained mutation: You are clumsy. (Dex -2) [potion of
                  | mutation]
  2736 | D:3      | Gained mutation: You are robust. (+10% HP) [potion of
                  | mutation]
  2738 | D:3      | Killed Terence
  3043 | D:3      | Reached skill level 1 in Shields
  3499 | D:3      | Reached XP level 5. HP: 25/34 MP: 0/9
  3733 | D:3      | Learned a level 2 spell: Call Imp
  3737 | D:3      | Learned a level 3 spell: Mephitic Cloud
  3812 | D:4      | Found a staircase to the Ecumenical Temple.
  3831 | Temple   | Entered the Ecumenical Temple
  3951 | Temple   | Became a worshipper of Gozag Ym Sagoz the Greedy
  4097 | D:4      | Reached skill level 2 in Shields
  4446 | D:4      | Noticed a sky beast
  5002 | D:4      | Found a sacrificial altar of Ru.
  5002 | D:4      | Found an ornate altar of the Wu Jian Council.
  5108 | D:4      | Reached skill level 3 in Shields
  5108 | D:4      | Reached XP level 6. HP: 25/39 MP: 1/10
  5392 | D:4      | Found a basalt altar of Yredelemnul.
  5392 | D:4      | Found a glowing golden altar of the Shining One.
  5395 | D:4      | Noticed an angel
  5403 | D:4      | Noticed a profane servitor
  5615 | D:4      | Killed a sky beast
  5616 | D:4      | Reached skill level 4 in Shields
  5700 | D:5      | Entered Level 5 of the Dungeon
  5962 | D:5      | Noticed an orc warrior
  5993 | D:5      | Noticed an ice beast
  6025 | D:5      | Noticed a water moccasin
  6025 | D:5      | an ice beast changed into a water moccasin
  6241 | D:5      | Noticed Prince Ribbit
  6358 | D:5      | Reached skill level 1 in Poison Magic
  6546 | D:5      | Reached XP level 7. HP: 31/45 MP: 6/11
  6547 | D:5      | Reached skill level 1 in Air Magic
  7029 | D:5      | HP: 2/45 [centaur/arrow (10)]
  7294 | D:5      | Reached skill level 5 in Shields
  7390 | D:5      | Reached XP level 8. HP: 26/50 MP: 2/14
  7871 | D:6      | Noticed a troll
  7873 | D:6      | Noticed Pikel
  7890 | D:6      | Killed a troll
  7891 | D:6      | Reached skill level 6 in Shields
  7891 | D:6      | Reached skill level 5 in Spellcasting
  7897 | D:6      | Killed Pikel
  7898 | D:6      | Reached skill level 8 in Shields
  7956 | D:6      | Reached skill level 1 in Fighting
  8218 | D:6      | Reached XP level 9. HP: 32/59 MP: 14/16
  9371 | D:6      | Found a hide-covered altar of Uskayaw.
  9730 | D:5      | Killed Prince Ribbit
 10145 | D:7      | Noticed a hornet
 10154 | D:7      | Killed a hornet
 10921 | D:7      | Noticed Joseph
 10946 | D:7      | Slain by Joseph

Illustrated notes

Levels and vault maps discovered:
D:1:      wander_arrival_lonely_grave, layout_basic,
          nemelex_xobeh_ov_fountains_minmay
D:2:      layout_basic, chequers_ecumenical_altar_simple, elyvilon_altar_1
D:3:      layout_rooms, uniq_terence
D:4:      layout_loops_ring, grunt_temple_overflow_holy_war,
          gammafunk_temple_overflow_wave, minmay_temple_entry_glass,
          amcnicky_mini_rare_corridor_liquid
D:5:      layout_rooms, uniq_prince_ribbit1
D:6:      cheibrodos_steamvent, layout_loops_ring,
          nicolae_overflow_crystal_walls, kennysheep_generic_room_10, uniq_pikel
D:7:      kennysheep_steamy, layout_basic, uniq_joseph
Temple:   nicolae_temple_great_sept

Skill      XL: |  1  2  3  4  5  6  7  8  9 |
---------------+----------------------------+-----
Conjurations   | 2 3 |  3.0
Dodging        | 3 4 |  4.0
Shields        | 1 3 4 5 8 |  8.7
Poison Magic   | 1 2 |  2.0
Air Magic      | 2 3 |  3.6
Summonings     | 2 |  2.0
Spellcasting   | 4 5 7 |  7.0
Fighting       | 1 4 |  4.0
Stealth        | |  2.6
Translocations | |  1.0

Action                   |  1- 3 |  4- 6 |  7- 9 || total
-------------------------+-------+-------+-------++-------
Melee: Dagger            |    18 |    31 |   194 ||   243
       Constrict         |     4 |    19 |    36 ||    59
       Tentacles         |     1 |     8 |    30 ||    39
       Staff             |       |    68 |       ||    68
 Cast: Magic Dart        |    78 |    96 |    43 ||   217
       Call Imp          |       |    25 |    59 ||    84
       Mephitic Cloud    |       |     2 |     9 ||    11
Invok: Potion Petition   |       |       |     3 ||     3
Evoke: Wand              |       |     1 |       ||     1
  Use: Potion            |       |     5 |     5 ||    10
       Scroll            |       |       |    12 ||    12
 Stab: Sleeping          |     1 |     3 |     5 ||     9
       Confused          |       |       |     1 ||     1
Armor: Skin              |       |     2 |     3 ||     5
Dodge: Dodged            |    15 |    65 |   100 ||   180
Block: Kite shield       |       |    12 |    84 ||    96
